 Dungeon Crawl Stone Soup version 0.31.0-1-g2c135a008e (webtiles) character file.

Game seed: 6326624480420041804

63 EnegeticOcto the Sneak (level 4, -7/29 HPs)
             Began as a Tengu Delver on Jan 20, 2024.
             Mangled by a +5 spectral club (8 damage)
             ... created by Ijyb
             ... on level 3 of the Dungeon.
             The game lasted 00:07:51 (2400 turns).

EnegeticOcto the Sneak (Tengu Delver)               Turns: 2400, Time: 00:07:51

Health: -7/29      AC:  3    Str: 21    XL:     4   Next: 9%
Magic:  5/5        EV: 12    Int:  8    God:
Gold:   89         SH:  0    Dex: 15    Spells: 3/3 levels left

rFire   + . .        a - +0 short sword
rCold   . . .        r - orb {*Rage}
rNeg    . . .        k - +1 robe {rF+}
rPois   .            (helmet restricted)
rElec   .            (no cloak)
rCorr   .            (no gloves)
SInv    .            (boots unavailable)
Will    .....        (no amulet)
Stlth   +            (no ring)
HPRegen 1.04/turn    (no ring)
MPRegen 0.09/turn

%: random rage (20%), acrobat
@: confused
A: beak, talons 3, acrobatic, regeneration 1, strong 2, MP-powered wands
a: no special abilities


You were on level 3 of the Dungeon.
You visited 1 branch of the dungeon, and saw 5 of its levels.

You collected 89 gold pieces.

Inventory:

Hand Weapons
 a - a +0 short sword (weapon)
 n - a +0 sling
   (You found it on level 1 of the Dungeon)
Missiles
 e - 5 boomerangs (quivered)
 j - 3 poisoned darts
Armour
 b - a +0 leather armour
 h - a +0 plate armour
   (You found it on level 5 of the Dungeon)
 k - a +1 robe of fire resistance (worn)
   (You found it on level 3 of the Dungeon)
 r - an orb of wrath (worn)
   (You found it on level 2 of the Dungeon)
Wands
 g - a wand of digging (3) {@v3}
Scrolls
 c - a scroll of fog {!r}
 d - a scroll of revelation {@r5 !r}
 i - a scroll of enchant weapon {unknown}
 l - a scroll of teleportation {unknown}
 o - a scroll of identify {unknown}
 p - a scroll of enchant armour {unknown}
Potions
 f - a potion of haste {@q4 !q}
 m - a potion of brilliance {unknown}


   Skills:
 - Level 4.0 Fighting
 + Level 3.0 Short Blades
 - Level 1.8 Ranged Weapons
 - Level 2.1 Dodging
 - Level 5.0 Stealth


You had 3 spell levels left.
You didn't know any spells.
Your spell library contained the following spells:

 Spells                   Type           Power      Damage    Failure   Level
 Sublimation of Blood     Necr           0%         N/A       54%         2
 Passage of Golubria      Tloc           0%         N/A       99%         4
 Petrify                  Alch/Erth      0%         N/A       99%         4
 Irradiate                Conj/Alch      0%         3d11      100%        5
 Silence                  Hex/Air        0%         N/A       100%        5
 Lehudib's Crystal Spear  Conj/Erth      0%         10d2      100%        8


Dungeon Overview and Level Annotations

Branches:
Dungeon (5/15) Zot: 25073
 Temple: D:4-7

Altars:

Annotations:
D:3 Ijyb
D:4 exclusion: sleepcap
D:5 exclusion: centaur


Innate Abilities, Weirdness & Mutations

You have a beak for a mouth.
You have claws for feet.
You can magically evade attacks while moving or waiting.
Your natural rate of healing is unusually fast.
Your muscles are very strong. (Str +8, Int/Dex -2)
You expend magic power (3 MP) to strengthen your wands.


Message History

A red film seems to cover your vision as you go berserk!
You feel yourself moving faster!
You feel mighty!
You puncture the jackal!
You kill the jackal!
You puncture the jackal!
You kill the jackal!
No target in view!
No target in view!
No target in view!
No target in view!
No target in view!
No target in view!
No target in view!
No target in view!
No target in view!
Things that are here:
a jackal corpse; a jackal corpse You feel a strong urge to attack something.
You start resting.
You feel your anger nearly subside.
You are no longer berserk.
You are exhausted.
You feel yourself slow down.
You start resting.
HP restored.
You start waiting.
You feel yourself speed up.
You start waiting.
You recover from your berserk rage.
There is a stone staircase leading down, spattered with blood here.
You climb downwards.
Level annotation: Ijyb The endoplasm misses you.
Ijyb screams, "Me kill you!" The endoplasm hits you.
There is a stone staircase leading up here.
The endoplasm hits you.
You climb upwards.
There is a stone staircase leading down, spattered with blood here.
A red film seems to cover your vision as you go berserk!
You feel yourself moving faster!
You feel mighty!
You puncture the endoplasm!
You kill the endoplasm!
Your Short Blades skill increases to level 3!
No target in view!
No target in view!
No target in view!
No target in view!
No target in view!
No target in view!
You start resting.
You feel a strong urge to attack something.
You start resting.
You feel your anger nearly subside.
You start resting.
You are no longer berserk.
You are exhausted.
You feel yourself slow down.
You start resting.
HP restored.
There is a stone staircase leading down, spattered with blood here.
You start waiting.
You feel yourself speed up.
You start waiting.
You recover from your berserk rage.
You start waiting.
Done waiting.
You climb downwards.
Level annotation: Ijyb
There is a stone staircase leading up here.
Ijyb is nearby!
You start waiting.
Ijyb is nearby!
Ijyb zaps a wand.
You resist with some effort.
You hit Ijyb but do no damage. You claw Ijyb.
Ijyb is moderately wounded.
Ijyb zaps a wand.
Your will is overpowered!
You are confused.
You are too confused!
You are too confused!
You are too confused!
You are too confused!
You are too confused!
You are too confused!
You are too confused!
You are too confused!
You are too confused!
You are too confused!
You're too confused to move!
Ijyb barely misses you. The +5 spectral club hits you!
A +5 spectral club comes into view.
You closely miss Ijyb. Your kick misses Ijyb. Your peck misses Ijyb.
Ijyb is lightly wounded.
Ijyb hits you with a +5 spectral club. The +5 spectral club hits you!
* * * LOW HITPOINT WARNING * * *
It was a potion of mutation.
You feel extremely strange.
You begin to heal more quickly.
You feel your magical essence link to the dungeon's wands.
You feel stronger. x2
The +5 spectral club hits you.
* * * LOW HITPOINT WARNING * * *
The +5 spectral club hits you!
You die...

####.#
.......#.#>....
####...#........###
#........≈≈≈≈≈...#
#......≈≈≈≈≈≈##...#
.....≈≈≈#### .##..
#...≈≈≈≈# # ≈.
#...≈≈≈≈# ≈.
#@.≈≈≈≈≈# ≈
#g(######.# ≈
#.........#
##.######.#
#.≈≈≈≈≈# #..≈≈≈≈#
##.≈≈≈≈# #..≈≈≈###
#...≈≈≈≈####.


You could see a +5 spectral club and Ijyb.

Vanquished Creatures
  A gnoll (D:1)
  4 dart slugs
  A ribbon worm (D:2)
  7 ball pythons
  2 bats
  4 endoplasms
  A giant cockroach (D:3)
  3 goblins
  3 hobgoblins
  4 jackals (D:2)
  3 quokkas
  2 frilled lizards
  4 rats
39 creatures vanquished.

Notes
Turn   | Place    | Note
-------+----------+-------------------------------------------
     0 | D:5      | EnegeticOcto the Tengu Delver began the quest for the Orb.
     0 | D:5      | Reached XP level 1. HP: 14/14 MP: 2/2
    12 | D:5      | Noticed a centaur
   102 | D:5      | Noticed a howler monkey
   162 | D:5      | Noticed a scorpion
   240 | D:4      | Noticed a sleepcap
   290 | D:3      | Reached XP level 2. HP: 19/19 MP: 3/3
   833 | D:1      | Found a faded altar of an unknown god.
  1001 | D:1      | Reached skill level 4 in Fighting
  1001 | D:1      | Reached XP level 3. HP: 24/24 MP: 4/4
  1037 | D:1      | Reached skill level 1 in Ranged Weapons
  2092 | D:3      | Noticed Ijyb
  2167 | D:2      | Reached XP level 4. HP: 21/29 MP: 5/5
  2235 | D:2      | Reached skill level 3 in Short Blades
  2400 | D:3      | Gained mutation: Your natural rate of healing is unusually
                  | fast. [potion of mutation]
  2400 | D:3      | Gained mutation: You expend magic power (3 MP) to
                  | strengthen your wands. [potion of mutation]
  2400 | D:3      | Gained mutation: Your muscles are strong. (Str +4, Int/Dex
                  | -1) [potion of mutation]
  2400 | D:3      | Gained mutation: Your muscles are very strong. (Str +8,
                  | Int/Dex -2) [potion of mutation]
  2400 | D:3      | HP: 1/29 [+5 spectral club[Ijyb] (6)]
  2400 | D:3      | Mangled by a +5 spectral club

Illustrated notes

Levels and vault maps discovered:
D:1:      lemuel_arrival_river_bridge, layout_loops_cross,
          basic_ecumenical_altar, hangedman_decor_clover_reticule
D:2:      layout_basic
D:3:      layout_basic, minivault_11, grunt_decor_junction, glass_columns_b,
          uniq_ijyb
D:4:      old_forge, layout_loops_ring, nicolae_tso_besieged_by_evil,
          kennysheep_mini_moat, okawaru_metal_pillars_1_2,
          minmay_temple_entry_large_hall
D:5:      layout_layer_cave, minmay_manual_macuahuitl

Skill      XL: |  1  2  3  4 |
---------------+-------------+-----
Fighting       | 4 |  4.0
Ranged Weapons | 1 |  1.8
Short Blades   | 3 |  3.0
Dodging        | |  2.1
Stealth        | |  5.0

Action                     |  1- 3 |  4- 6 || total
---------------------------+-------+-------++-------
  Melee: Short sword       |    57 |     9 ||    66
         Peck              |    11 |     1 ||    12
         Kick              |    11 |     2 ||    13
   Fire: Sling             |     3 |       ||     3
    Use: Scroll            |     2 |       ||     2
         Potion            |       |     1 ||     1
   Stab: Sleeping          |    12 |       ||    12
 Armour: Leather armour    |     2 |       ||     2
         Robe              |    22 |     9 ||    31
  Dodge: Dodged            |    42 |     4 ||    46

Table legend:
 A = Kills in this place as a percentage of kills in the entire game.
 B = Kills by you in this place as a percentage of kills by you in the entire game.
 C = Kills by friends in this place as a percentage of kills by friends in the entire game.
 D = Other kills in this place as a percentage of other kills in the entire game.
 E = Experience gained in this place as a percentage of experience gained in the entire game.
 F = Experience gained in this place divided by the number of levels of this place that you have seen.
                   A       B       C       D       E      F
               +-------+-------+-------+-------+-------+----------------------
         Total | 100.0 | 100.0 |   N/A |   N/A | 100.0 |  18.0
       Dungeon | 100.0 | 100.0 |   N/A |   N/A | 100.0 |  18.0
               +-------+-------+-------+-------+-------+----------------------
